 Seeded DCSS version 0.28.0-62-gf88900778d (webtiles) character file.

Game seed: 13446783111955669000 (custom seed)

11262 tkbsonic5 the Slinger (level 11, -8/94 HPs)
             Began as a Minotaur Fighter on Feb 24, 2023.
             Was a Priest of Hepliaklqana.
             Mangled by a bone dragon (11 damage)
             ... on level 1 of the Abyss on Feb 26, 2023.
             The game lasted 00:39:58 (9696 turns).

tkbsonic5 the Slinger (Minotaur Fighter)            Turns: 9696, Time: 00:39:58

Health: -8/94      AC: 20    Str: 24    XL:     11   Next: 47%
Magic:  7/7        EV:  7    Int:  4    God:    Hepliaklqana [***...]
Gold:   300        SH:  4    Dex:  7    Spells: 10/10 levels left

rFire   . . .      SeeInvis .   z - +9 war axe "Ibly" {vamp, rCorr Int+3}
rCold   . . .      Faith    .   c - +0 buckler
rNeg    . . .      Spirit   .   r - +0 plate armour
rPois   +          Reflect  .   a - +2 hat {Stlth+}
rElec   .          Harm     .   n - +0 cloak
rCorr   +          Rampage  .   l - +2 pair of gloves "Coll" {rPois Regen+ Int-2 Stlth+}
Will    .....                   w - +0 pair of boots
Stlth   ..........              (no amulet)
HPRegen 1.05/turn               (no ring)
MPRegen 0.10/turn               (no ring)

@: mighty, studying Slings
A: reduced essence, horns 2, retaliatory headbutt, dopey 1, MP-powered wands,
[clumsy 2], [low MP 2]
a: Renounce Religion, Recall Ancestor, Ancestor Identity, Transference


You were on level 1 of the Abyss.
You worshipped Hepliaklqana.
Hepliaklqana was most pleased with you.
You visited 2 branches of the dungeon, and saw 11 of its levels.
You visited the Abyss 1 time.

You collected 546 gold pieces.
You spent 246 gold pieces at shops.

Inventory:

Hand Weapons
 m - the +5 fustibalus of the Valley {vorpal, rPois Will+ Dex-5}
   (You acquired it on level 2 of the Dungeon)

   Any ammunition fired from it inflicts extra damage upon your enemies.
   Dex:       It affects your dexterity (-5).
   rPois:     It protects you from poison.
   Will:      It increases your willpower.
 z - the +9 war axe "Ibly" (weapon) {vamp, rCorr Int+3}
   (You bought it in a shop on level 1 of the Dungeon)

   It occasionally heals its wielder for a portion of the damage dealt when it
   wounds a living foe.
   Int:       It affects your intelligence (+3).
   rCorr:     It protects you from acid and corrosion.
Missiles
 f - 16 boomerangs (quivered)
 g - 15 sling bullets
 p - 6 poisoned darts
 y - 3 atropa-tipped darts
Armour
 a - a +2 hat of stealth (worn)
 b - a +0 scale mail
 c - a +0 buckler (worn)
 l - the +2 pair of gloves "Coll" (worn) {rPois Regen+ Int-2 Stlth+}
   (You acquired it on level 2 of the Dungeon)

   Int:       It affects your intelligence (-2).
   rPois:     It protects you from poison.
   Regen:     It increases your rate of health regeneration.
   Stlth:     It makes you more stealthy.
 n - a +0 cloak (worn)
 r - a +0 plate armour (worn)
 w - a +0 pair of boots (worn)
Jewellery
 q - a ring of fire
Wands
 d - a wand of paralysis (12)
 j - a wand of flame (6)
 s - a wand of mindburst (28)
 t - a wand of iceblast (20)
 A - a wand of acid (3)
Scrolls
 e - 2 scrolls of teleportation
 k - a scroll of holy word
 u - a scroll of fog
 C - a scroll of identify
 F - a scroll of magic mapping {unknown}
Potions
 h - a potion of berserk rage
 o - 4 potions of brilliance
 v - 2 potions of lignification
 x - a potion of flight {unknown}
 D - a potion of curing {unknown}
 E - a potion of ambrosia


   Skills:
 * Level 12.4 Fighting
 * Level 13.1 Axes
 - Level 14.3 Slings
 + Level 5.2 Armour
 + Level 3.3 Dodging
 + Level 5.2 Shields


You had 10 spell levels left.
You didn't know any spells.
Your spell library contained the following spells:

 Spells                   Type           Power      Damage    Failure   Level
 Magic Dart               Conj           0%         1d3       100%        1
 Sting                    Tmut/Pois      0%         1d3       100%        1
 Passwall                 Tmut/Erth      0%         N/A       100%        2
 Searing Ray              Conj           0%         2d4       100%        2
 Inner Flame              Hex/Fire       0%         N/A       100%        3
 Fulminant Prism          Conj/Hex       0%         3d6       100%        4
 Blade Hands              Tmut           0%         N/A       100%        5


Dungeon Overview and Level Annotations

Branches:
Dungeon (10/15)            Temple (1/1) D:5            Lair (0/6) D:8
    Orc: D:9-12

Altars:
Ashenzari
Cheibriados
Dithmenos
Elyvilon
Fedhas
Gozag
Hepliaklqana
Kikubaaqudgha
Makhleb
Nemelex Xobeh
Okawaru
Qazlal
Ru
Sif Muna
Trog
Uskayaw
Vehumet
Wu Jian
Xom
Yredelemnul
Zin
The Shining One

Shops:
D:1 (   D:5 ?   D:7 *

Annotations:
D:10 Erolcha


Innate Abilities, Weirdness & Mutations

Your life essence is reduced to manifest your ancestor. (-10% HP)
You have a pair of horns on your head.
You reflexively headbutt those who attack you in melee.
You are dopey. (Int -2)
You expend magic power (3 MP) to strengthen your wands.
[You are very clumsy. (Dex -4)]
[Your magical capacity is very low. (-20% MP)]


Message History

You block the bone dragon's attack.
Catgirl Leiriare hits the bone dragon but does no damage.
You hit the bone dragon but do no damage.
You headbutt the bone dragon, but do no damage.
The bone dragon is lightly damaged.
The bone dragon bites you!!
* * * LOW HITPOINT WARNING * * *
The bone dragon claws you!
* * * LOW HITPOINT WARNING * * *
The bone dragon tramples you!
* * * LOW HITPOINT WARNING * * *
You hold your ground!
Catgirl Leiriare hits the bone dragon but does no damage.
Okay, then.
Okay, then.
Catgirl Leiriare completely misses the bone dragon.
Catgirl Leiriare hits the bone dragon but does no damage.
Okay, then.
Okay, then.
Throw: throwing net
Press: ? - help, Q - select action, (/) - cycle Shift-Dir - straight line, f - bone dragon
Aim: a bone dragon (ally target, 84% to hit, immune to nets)
You throw a throwing net. The throwing net hits the bone dragon.
The bone dragon is too large for the net to hold!
The bone dragon bites you but does no damage.
The bone dragon barely misses you. The bone dragon tramples you!
* * * LOW HITPOINT WARNING * * *
You hold your ground!
Catgirl Leiriare barely misses the bone dragon.
There is an open door here.
There is an open door here.
A small abomination comes into view.
The bone dragon barely misses you. The bone dragon claws you!
* * * LOW HITPOINT WARNING * * *
The bone dragon closely misses you.
Catgirl Leiriare hits the bone dragon but does no damage.
The bone dragon bites you!
* * * LOW HITPOINT WARNING * * *
The bone dragon claws you!
You die...

. .#..... .# ..
##.....##
##...# # #
#####'####.##
.......x.......
.#...#.....#...
...............
## ####'#######
##R@.##
##.D...#.#
#.......#
#.......#
#.......#
##.....##
##...## #####


You could see the friendly Catgirl Leiriare the knight, a bone dragon (ally
target) and a small abomination.

Vanquished Creatures
  A tentacled monstrosity (Abyss:1)
  Gastronok (D:8)
  Harold (D:8)
  Erica (D:8)
  A two-headed ogre (D:8)
  Urug (D:10)
  Nergalle (D:10)
  Pikel (D:9)
  Joseph (D:8)
  A large abomination (Abyss:1)
  4 trolls
  2 hornets
  3 raiju (Abyss:1)
  A shadow (D:9)
  2 ynoxinuls (Abyss:1)
  A wyvern (D:7)
  A wraith (D:9)
  8 yaks (D:9)
  3 vampire mosquitoes (D:10)
  An acid dragon (D:9)
  A water moccasin (D:8)
  3 black bears
  3 ice beasts
  2 ogres
  3 wolves (D:8)
  4 centaurs
  2 phantoms
  2 small abominations (Abyss:1)
  5 bullfrogs
  A gnoll sergeant (D:6)
  3 scorpions
  A water moccasin skeleton (D:5)
  3 killer bees (D:7)
  4 wights (D:10)
  3 electric eels
  A howler monkey (D:9)
  A jelly (D:8)
  3 orc priests
  5 hounds
  An iguana (D:4)
  Natasha (thrice) (D:3)
  4 orc wizards
  A killer bee zombie (D:7)
  8 gnolls
  2 howler monkey skeletons
  5 adders
  A shadow imp (D:8)
  A white imp (Abyss:1)
  4 worms
  A dart slug (D:1)
  21 orcs
  10 ball pythons
  8 endoplasms
  4 giant cockroaches
  10 goblins
  10 hobgoblins
  8 jackals
  3 quokkas
  6 bats
  4 frilled lizards
  8 kobolds
  A quokka skeleton (D:4)
  2 rats
212 creatures vanquished.

Vanquished Creatures (collateral kills)
  A ynoxinul (Abyss:1)
  A neqoxec (Abyss:1)
  A wight (D:10)
  A shadow imp (Abyss:1)
  An ufetubus (Abyss:1)
  An orc (D:8)
6 creatures vanquished.

Vanquished Creatures (others)
  An ancestor (D:9)
  An orc (D:8)
  A lurking horror (Abyss:1)
  A plant (D:3)
4 creatures vanquished.

Grand Total: 222 creatures vanquished

Notes
Turn   | Place    | Note
-------+----------+-------------------------------------------
     0 | D:1      | tkbsonic5 the Minotaur Fighter began the quest for the Orb.
     0 | D:1      | Reached XP level 1. HP: 19/19 MP: 0/0
   165 | D:1      | Found a faded altar of an unknown god.
   178 | D:1      | Reached XP level 2. HP: 21/27 MP: 1/1
   234 | D:1      | Found Noebyowk's Antique Weapon Shoppe.
   798 | D:1      | Reached XP level 3. HP: 33/33 MP: 2/2
  1015 | D:2      | Identified 3 scrolls of acquirement
  1015 | D:2      | Acquired the +2 pair of gloves "Coll" {rPois Regen+ Int-2
                  | Stlth+}
  1028 | D:2      | Acquired the +5 fustibalus of the Valley {vorpal, rPois
                  | Will+ Dex-5}
  1030 | D:2      | Acquired a manual of Slings
  1179 | D:2      | Found a sacrificial altar of Ru.
  1488 | D:2      | Reached skill level 1 in Slings
  1675 | D:2      | Reached XP level 4. HP: 41/41 MP: 3/3
  1763 | D:3      | Noticed a phantom
  1767 | D:3      | Killed a phantom
  1768 | D:3      | Reached skill level 3 in Slings
  1768 | D:3      | Reached XP level 5. HP: 47/47 MP: 4/4
  1774 | D:3      | Reached skill level 5 in Axes
  2013 | D:3      | Noticed Natasha
  2021 | D:3      | Killed Natasha
  2022 | D:3      | Reached skill level 4 in Slings
  2173 | D:3      | Noticed Natasha
  2184 | D:3      | Killed Natasha
  2187 | D:3      | Reached skill level 5 in Fighting
  2197 | D:3      | Noticed Natasha
  2201 | D:3      | Killed Natasha
  2202 | D:3      | Reached XP level 6. HP: 53/56 MP: 5/5
  2724 | D:4      | Reached skill level 5 in Slings
  3008 | D:4      | Reached skill level 6 in Slings
  3008 | D:4      | Reached XP level 7. HP: 43/61 MP: 6/6
  3370 | D:4      | Gained mutation: You possess an exceptional clarity of
                  | mind. [potion of mutation]
  3370 | D:4      | Gained mutation: You have hidden genetic potential. [potion
                  | of mutation]
  3371 | D:4      | Lost mutation: You have hidden genetic potential. [potion
                  | of mutation]
  3371 | D:4      | Lost mutation: You possess an exceptional clarity of mind.
                  | [potion of mutation]
  3371 | D:4      | Gained mutation: Your system is resistant to poisons.
                  | (rPois) [potion of mutation]
  3372 | D:4      | Lost mutation: Your system is resistant to poisons. (rPois)
                  | [potion of mutation]
  3372 | D:4      | Gained mutation: Armour fits poorly on your strangely
                  | shaped body. [potion of mutation]
  3372 | D:4      | Gained mutation: You are frail. (-10% HP) [potion of
                  | mutation]
  3372 | D:4      | Gained mutation: You are occasionally teleported next to
                  | monsters. [potion of mutation]
  3373 | D:4      | Lost mutation: Armour fits poorly on your strangely shaped
                  | body. [potion of mutation]
  3373 | D:4      | Lost mutation: You are frail. (-10% HP) [potion of
                  | mutation]
  3373 | D:4      | Lost mutation: You are occasionally teleported next to
                  | monsters. [potion of mutation]
  3373 | D:4      | Gained mutation: Armour fits poorly on your strangely
                  | shaped body. [potion of mutation]
  3411 | D:4      | Got Yddatwyc's Volume of Rotation
  3502 | D:4      | Acquired a manual of Slings
  3684 | D:5      | Entered Level 5 of the Dungeon
  3692 | D:5      | Reached skill level 7 in Slings
  3819 | D:5      | Found Jaiweyt's Magic Scroll Boutique.
  4077 | D:5      | Found a staircase to the Ecumenical Temple.
  4344 | D:1      | Bought a masterwork war axe for 246 gold pieces
  4344 | D:1      | Identified the +9 war axe "Ibly" {vamp, rCorr Int+3} (You
                  | bought it in a shop on level 1 of the Dungeon)
  4457 | D:6      | Reached skill level 8 in Slings
  4603 | D:6      | Reached XP level 8. HP: 38/71 MP: 7/7
  4960 | D:6      | Found a burning altar of Makhleb.
  4994 | Temple   | Entered the Ecumenical Temple
  5192 | Temple   | Became a worshipper of Hepliaklqana the Forgotten
  5592 | D:7      | Reached skill level 9 in Slings
  5809 | D:7      | Found Ceexzuv's Assorted Antiques.
  5932 | D:7      | Reached skill level 10 in Slings
  6150 | D:7      | Reached XP level 9. HP: 81/81 MP: 8/8
  6300 | D:7      | Lost mutation: Armour fits poorly on your strangely shaped
                  | body. [potion of mutation]
  6300 | D:7      | Gained mutation: You are dopey. (Int -2) [potion of
                  | mutation]
  6300 | D:7      | Gained mutation: You expend magic power (3 MP) to
                  | strengthen your wands. [potion of mutation]
  6519 | D:8      | Reached * piety under Hepliaklqana
  6530 | D:8      | Noticed Erica
  6546 | D:8      | Killed Erica
  6547 | D:8      | Reached skill level 11 in Slings
  6643 | D:8      | Noticed Harold
  6652 | D:8      | Reached skill level 10 in Axes
  6673 | D:8      | Killed Harold
  6674 | D:8      | Reached skill level 12 in Slings
  6737 | D:8      | Noticed Joseph
  6754 | D:8      | Killed Joseph
  6776 | D:8      | Reached skill level 10 in Fighting
  6777 | D:8      | Reached XP level 10. HP: 83/83 MP: 9/9
  6782 | D:8      | Found a staircase to the Lair.
  6818 | D:8      | Reached skill level 13 in Slings
  7024 | D:8      | Noticed Gastronok
  7036 | D:8      | Killed Gastronok
  7529 | D:8      | Noticed a two-headed ogre
  7536 | D:8      | Killed a two-headed ogre
  7537 | D:8      | Reached skill level 14 in Slings
  7630 | D:9      | Reached skill level 1 in Dodging
  7746 | D:9      | Reached ** piety under Hepliaklqana
  7747 | D:9      | Remembered your ancestor Catgirl Leiriare as a knight
  7776 | D:9      | Reached XP level 11. HP: 93/93 MP: 10/10
  8213 | D:9      | Noticed Pikel
  8221 | D:9      | Killed Pikel
  8530 | D:10     | Entered Level 10 of the Dungeon
  8637 | D:10     | Reached *** piety under Hepliaklqana
  8676 | D:10     | Noticed Urug
  8690 | D:10     | Killed Urug
  8691 | D:10     | Reached skill level 5 in Armour
  8962 | D:10     | Reached skill level 5 in Shields
  9122 | D:10     | Noticed Nergalle
  9122 | D:10     | Noticed Erolcha
  9143 | D:10     | Killed Nergalle
  9146 | D:10     | Cast into level 1 of the Abyss (Erolcha)
  9281 | Abyss:1  | Noticed a yellow draconian
  9460 | Abyss:1  | Noticed a wretched star
  9634 | Abyss:1  | Noticed a starcursed mass
  9643 | Abyss:1  | Found a sparkling altar of Nemelex Xobeh.
  9648 | Abyss:1  | Noticed a tentacled monstrosity
  9651 | Abyss:1  | Noticed a bone dragon
  9663 | Abyss:1  | Killed a tentacled monstrosity
  9666 | Abyss:1  | HP: 4/94 [bone dragon (8)]
  9696 | Abyss:1  | HP: 3/94 [bone dragon (9)]
  9696 | Abyss:1  | Mangled by a bone dragon

Illustrated notes

Levels and vault maps discovered:
D:1:      scummos_arrival_simple_crosswalls, layout_loops_ring,
          hellmonk_ecumenical_altar_lost_god, serial_forest,
          infiniplex_forest_clump_diagonal, infiniplex_forest_lined_3,
          infiniplex_forest_lined_ring, infiniplex_forest_clump_small,
          infiniplex_forest_straight_3, infiniplex_forest_clump_C, serial_shops,
          shop, serial_park_tiny_pond, minivault_27, hangedman_glass_teeth,
          hangedman_decor_peaks_small, minmay_tromino_v4_b
D:2:      layout_basic, basic_altar
D:3:      layout_basic, saegor_snake_ambush, uniq_natasha
D:4:      kennysheep_six_static_rooms, layout_loops_ring
D:5:      layout_loops_ring, minmay_temple_entry_junction, serial_shops, shop
D:6:      layout_loops_cross, lightli_temple_of_fire
D:7:      layout_loops_corners, serial_shops, nicolae_shop_window_shopping,
          kennysheep_generic_room_4
D:8:      layout_loops_ring, erik_lair_island, kennysheep_generic_room_14,
          uniq_erica, uniq_gastronok, uniq_joseph, uniq_harold
D:9:      layout_irregular_city, kennysheep_generic_room_6, uniq_pikel
D:10:     layout_stronghold, uniq_urug, uniq_erolcha, uniq_nergalle
Temple:   mainiacjoe_temple_starburst
Abyss:1:  base:
D:4

Skill      XL: |  1  2  3  4  5  6  7  8  9 10 11 |
---------------+----------------------------------+-----
Axes           | 3 4 5 6 7 9 10 12 13 | 13.1
Fighting       | 4 5 6 8 10 11 12 | 12.4
Slings         | 1 3 4 6 8 10 12 14 | 14.3
Armour         | 4 5 |  5.2
Dodging        | 1 3 |  3.3
Shields        | 4 5 |  5.2

Action                   |  1- 3 |  4- 6 |  7- 9 | 10-12 || total
-------------------------+-------+-------+-------+-------++-------
Melee: War axe           |    93 |    53 |    93 |    62 ||   301
       Headbutt          |     9 |    11 |    11 |     9 ||    40
 Fire: Fustibalus        |     7 |    22 |   141 |   155 ||   325
Throw: Throwing net      |       |       |     1 |     4 ||     5
       Boomerang         |       |       |       |     1 ||     1
Invok: Ancestor Identity |       |       |     1 |       ||     1
       Ancestor Life: Kn |       |       |       |     1 ||     1
       Recall Ancestor   |       |       |       |     1 ||     1
Evoke: Wand              |       |       |     3 |     7 ||    10
  Use: Scroll            |     3 |       |    13 |    11 ||    27
       Potion            |       |       |    10 |     1 ||    11
 Stab: Distracted        |       |       |       |     3 ||     3
Armor: Scale mail        |    41 |       |       |       ||    41
       Plate armour      |    22 |    38 |    53 |    42 ||   155
Dodge: Dodged            |    51 |    13 |    27 |    31 ||   122
Block: Buckler           |    18 |    12 |    24 |    17 ||    71
